 Dungeon Crawl Stone Soup version 0.17-a0-719-g32c6a46 (webtiles) character file.

163 Pikaro the Chiller (level 5, -1/31 HPs)
             Began as an Octopode Ice Elementalist on Apr 20, 2015.
             Slain by a gnoll (5 damage)
             ... on level 4 of the Dungeon.
             The game lasted 00:04:04 (2377 turns).

Pikaro the Chiller (Octopode Ice Elementalist)      Turns: 2377, Time: 00:04:04

Health: -1/31      AC:  6    Str:  8    XL:     5   Next: 44%
Magic:  2/8        EV: 12    Int: 18    God:
Gold:   117        SH:  0    Dex: 12    Spells: 3 memorised, 2 levels left

rFire  . . .     SeeInvis .     h - +2 short sword (speed)
rCold  . . .     Clarity  .     (no shield)
rNeg   + . .     SustAb   .     (helmet restricted)
rPois  .         Gourm    .     s - amulet of warding {Ward, rN+}
rElec  .         Spirit   .     (no ring)
rCorr  .         Warding  +     (no ring)
rMut   .         Stasis   .     (no ring)
MR     .....                    (no ring)
Stlth  +++.......               (no ring)
                                (no ring)
                                (no ring)
                                (no ring)

@: icy armour, not resistant to hostile enchantments, fairly stealthy
A: almost no armour, amphibious, 8 rings, constrict 8, camouflage 1, gelatinous
body 1
a: no special abilities


You were on level 4 of the Dungeon.
You were near starving.

You visited 1 branch of the dungeon, and saw 4 of its levels.

You collected 117 gold pieces.

Inventory:

Hand weapons
 h - a +2 short sword of speed (weapon)
   (You took it off a kobold on level 2 of the Dungeon)
Jewellery
 s - an amulet of warding (around mantle) {Ward, rN+}
   (You found it on level 1 of the Dungeon)
Scrolls
 d - a scroll of enchant weapon {unknown}
 g - a scroll of immolation {unknown}
 j - a scroll of random uselessness {unknown}
 m - a scroll of recharging {unknown}
 n - a scroll of blinking {unknown}
 p - a scroll of fear {unknown}
 q - a scroll of remove curse {unknown}
 r - a scroll of teleportation {unknown}
 v - a scroll of identify {unknown}
Potions
 e - a potion of cancellation {unknown}
 i - a potion of haste {unknown}
 k - a potion of flight {unknown}
 l - a potion of heal wounds
 o - a potion of brilliance {unknown}
 t - a potion of agility {unknown}
 u - a potion of berserk rage {unknown}
Books
 b - a book of Frost
Comestibles
 a - 2 fruits
 c - 4 bread rations
 f - a meat ration


   Skills:
 - Level 2.0 Dodging
 - Level 2.6 Stealth
 - Level 2.0 Spellcasting
 - Level 1.0 Conjurations
 + Level 6.0 Ice Magic


You had 2 spell levels left.
You knew the following spells:

 Your Spells              Type           Power        Failure   Level  Hunger
a - Freeze                Ice            ###.         1%          1    #......
B - Throw Frost           Conj/Ice       ##....       8%          2    ###....
C - Ozocubu's Armour      Chrm/Ice       ##......     17%         3    ###....


Dungeon Overview and Level Annotations

Branches:
Dungeon (4/15)
 Temple: D:4-7

Altars:


Innate Abilities, Weirdness & Mutations

You cannot wear most types of armour.
You are amphibious.
You can wear up to eight rings at the same time.
You can use your tentacles to constrict eight enemies at once.
Your skin changes colour to match your surroundings (Stealth).
Your rubbery body absorbs attacks (AC +1).


Message History

You see here 9 gold pieces.
No target in view!
You now have 117 gold pieces (gained 9).
You see here a club.
You see here a war axe.
A gnoll comes into view. It is wielding a flail of crushing.
The gnoll shouts!
A gnoll comes into view. It is wielding a spear.
The gnoll moves out of view.
You miscast Ozocubu's Armour.
You are very lightly contaminated with residual magic.
Nothing appears to happen.
You now have 5/8 mp.
A film of ice covers your body!
You are near starving!
You now have 2/8 mp.
The gnoll hits you with a flail of crushing!
You take 17 damage, and have 14/31 hp.
MASSIVE DAMAGE!!
HP at 45%!
Aim: a gnoll, wielding a flail of crushing You freeze the gnoll.
The gnoll misses you.
You now have 1/8 mp.
Aim: a gnoll, wielding a flail of crushing (heavily wounded)
You freeze the gnoll.
The gnoll sergeant shouts!
The gnoll shouts!
You now have 0/8 mp.
You barely miss the gnoll. You grab the gnoll. You constrict the gnoll.
The gnoll hits you with a flail of crushing.
You take 4 damage, and have 10/31 hp.
You barely miss the gnoll.
You constrict the gnoll, but do no damage.
The gnoll barely misses you.
You puncture the gnoll!
You kill the gnoll!
Your Ice Magic skill increases to level 6!
The gnoll sergeant hits you from afar with a spear of venom.
* * * LOW HITPOINT WARNING * * *
You are lethally poisoned!
You take 4 damage, and have 6/31 hp.
HP at 19%!
Drink which item? (? for menu, Esc to quit)
It was a potion of heal wounds.
You feel much better.
You feel sick.
The gnoll sergeant hits you from afar with a spear of venom.
You are more poisoned.
You regained 14 hp, and now have 20/31 hp.
You feel sick.
You take 1 damage, and have 19/31 hp.
You feel sick.
You take 1 damage, and have 18/31 hp.
You feel sick.
You take 1 damage, and have 17/31 hp.
You feel sick.
The gnoll shouts!
You feel sick.
You take 1 damage, and have 16/31 hp.
You feel sick.
You take 1 damage, and have 15/31 hp.
HP at 48%!
The gnoll closely misses you.
You feel sick.
You take 1 damage, and have 14/31 hp.
You feel sick.
You take 1 damage, and have 13/31 hp.
You feel sick.
You take 1 damage, and have 12/31 hp.
You feel sick.
You take 1 damage, and have 11/31 hp.
Your magical contamination has completely faded away.
You feel sick.
You take 1 damage, and have 11/31 hp.
You feel sick.
You take 1 damage, and have 10/31 hp.
You aren't carrying any items that can be evoked.
You feel sick.
You take 1 damage, and have 9/31 hp.
Your icy armour starts to melt.
You feel sick.
You take 1 damage, and have 9/31 hp.
Your icy armour evaporates.
You feel sick.
You take 1 damage, and have 8/31 hp.
You feel sick.
You are no longer poisoned.
You take 1 damage, and have 7/31 hp.
HP at 22%!
You see here a robe.
There is a stone staircase leading down here.
The gnoll shouts!
The gnoll hits you.
* * * LOW HITPOINT WARNING * * *
You climb downwards.
There is a stone staircase leading up here.
You take 3 damage, and have 6/31 hp.
HP at 19%!
A film of ice covers your body! The gnoll hits you but does no damage.
You now have 3/8 mp.
Aim: a gnoll You freeze the gnoll.
The gnoll hits you.
* * * LOW HITPOINT WARNING * * *
You take 3 damage, and have 4/31 hp.
Aim: a gnoll (lightly wounded)
You freeze the gnoll. The gnoll hits you.
You die... ######### #@g.....# #######.#

You could see a gnoll.

Vanquished Creatures
  Jessica (D:3)
  An iguana (D:3)
  5 adders
  A gnoll (D:3)
  4 giant geckos
  8 bats
  10 hobgoblins
  5 kobolds (D:2)
  2 giant newts
  7 goblins
  2 quokkas (D:2)
  6 rats
52 creatures vanquished.

Notes
Turn   | Place    | Note
--------------------------------------------------------------
     0 | D:1      | Pikaro, the Octopode Ice Elementalist, began the quest for the Orb.
     0 | D:1      | Reached XP level 1. HP: 11/11 MP: 3/3
    75 | D:1      | You fall through a shaft!
    83 | D:2      | Reached XP level 2. HP: 9/17 MP: 5/5
   293 | D:2      | Reached skill level 4 in Ice Magic
   321 | D:2      | Reached XP level 3. HP: 18/21 MP: 6/6
   325 | D:2      | Learned a level 2 spell: Throw Frost
   329 | D:2      | Learned a level 3 spell: Ozocubu's Armour
  1016 | D:2      | Reached XP level 4. HP: 27/27 MP: 7/7
  1323 | D:1      | Reached skill level 5 in Ice Magic
  1941 | D:3      | Noticed a gnoll sergeant
  2026 | D:3      | Noticed Jessica
  2029 | D:3      | Killed Jessica
  2029 | D:3      | Reached XP level 5. HP: 26/31 MP: 8/8
  2319 | D:3      | Reached skill level 6 in Ice Magic
  2319 | D:3      | HP: 6/31 [gnoll sergeant/spear of venom (4)]
  2353 | D:3      | HP: 7/31 [poisoned by a gnoll sergeant]
  2373 | D:3      | HP: 6/31 [gnoll (3)]
  2377 | D:4      | Slain by a gnoll

Action                   |  1- 3 |  4- 6 || total
-------------------------+-------+-------++-------
Melee: Unarmed           |     5 |       ||     5
       Whip              |    28 |       ||    28
       Short sword       |    14 |    52 ||    66
 Cast: Freeze            |       |     8 ||     8
       Ozocubu's Armour  |       |     2 ||     2
  Use: Potion            |       |     1 ||     1
 Stab: Sleeping          |     6 |     3 ||     9
       Distracted        |     1 |       ||     1
  Eat: Chunk             |       |     3 ||     3

Vault maps used:
D:1:      dpeg_arrival_orchard
D:2:      kennysheep_generic_room_16
D:3:      lemuel_doored_altar, uniq_jessica
D:4:      nicolae_overflow_hidden_temple, serial_shops, shop,
          nicolae_shop_overgrown_old_shop, shop

Table legend:
 A = Turns spent in this place as a percentage of turns spent in the entire game.
 B = Non-inter-level travel turns spent in this place as a percentage of non-inter-level travel turns spent in the entire game.
 C = Inter-level travel turns spent in this place as a percentage of turns spent in this place.
 D = Turns resting spent in this place as a percentage of non-inter-level travel turns spent in this place.
 E = Turns spent auto-exploring this place as a percentage of non-inter-level travel turns spent in this place.
 F = Non-inter-level travel turns spent in this place divided by the number of levels of this place that you've seen.
                   A       B       C       D       E      F
               +-------+-------+-------+-------+-------+----------------------
         Total | 100.0 | 100.0 |   0.5 |   7.3 |  11.2 | 147.2
       Dungeon | 100.0 | 100.0 |   0.5 |   7.3 |  11.2 | 147.2
               +-------+-------+-------+-------+-------+----------------------

Table legend:
 A = Kills in this place as a percentage of kills in entire the game.
 B = Kills by you in this place as a percentage of kills by you in the entire game.
 C = Kills by friends in this place as a percentage of kills by friends in the entire game.
 D = Other kills in this place as a percentage of other kills in the entire game.
 E = Experience gained in this place as a percentage of experience gained in the entire game.
 F = Experience gained in this place divided by the number of levels of this place that you have seen.
                   A       B       C       D       E      F
               +-------+-------+-------+-------+-------+----------------------
         Total | 100.0 | 100.0 |  -nan |  -nan | 100.0 |  58.5
       Dungeon | 100.0 | 100.0 |  -nan |  -nan | 100.0 |  58.5
               +-------+-------+-------+-------+-------+----------------------
